 Dungeon Crawl Stone Soup version 0.17-a0-776-gd86b262 (webtiles) character file.

153046 RobertPalmer the Sensei (level 17, -24/131 HPs)
             Began as a Demonspawn Chaos Knight on Apr 23, 2015.
             Killed from afar by a merfolk aquamancer (39 damage)
             ... with a shard of ice
             ... on level 5 of the Shoals on Apr 24, 2015.
             The game lasted 01:56:34 (32693 turns).

RobertPalmer the Sensei (Demonspawn Chaos Knight)  Turns: 32693, Time: 01:56:36

Health: -24/131    AC: 20    Str: 13    XL:     17   Next: 4%
Magic:  0/17       EV: 24    Int: 22    God:    Xom [.....*]
Gold:   4429       SH:  0    Dex: 14    Spells: 5 memorised, 5 levels left

rFire  + + .     SeeInvis +       - Unarmed
rCold  . . .     Clarity  .     T - +3 leather armour {rF+}
rNeg   + + .     SustAb   .     (no shield)
rPois  +         Gourm    .     (helmet unavailable)
rElec  +         Spirit   +     v - +1 cloak {rPois}
rCorr  .         Warding  .     x - +2 pair of gloves of Narcissism {rPois rF+ rC- rN++}
rMut   .         Stasis   .     (no boots)
MR     +....                    (no amulet)
Stlth  +.........               A - +5 ring of evasion
                                l - ring of protection from cold {rC+, !d}

@: brilliant, manticore barbs, very slightly contaminated, invisible, somewhat
resistant to hostile enchantments, very unstealthy
A: antennae 3, fangs 1, hooves 1, iridescent scales 3, dopey 1, sense
surroundings 3, poison resistance, powered by death 2, regeneration 1, shaggy
fur 1, electricity resistance, wild magic 1, magic shield, magic regeneration
a: Renounce Religion


You were on level 5 of the Shoals.
You worshipped Xom.
You were Xom's teddy bear.
You were hungry.

You visited 4 branches of the dungeon, and saw 32 of its levels.
You also visited: Ice Cave and Volcano.

You collected 5933 gold pieces.
You spent 1475 gold pieces at shops.

Inventory:

Missiles
 f - 4 throwing nets {=f, !d}
 u - 5 tomahawks of dispersal {=f}
 H - 18 curare-tipped needles
Armour
 v - a +1 cloak of poison resistance (worn)
   (You took it off Nikola on level 2 of the Shoals)
 x - the +2 pair of gloves of Narcissism (worn) {rPois rF+ rC- rN++}
   (You found it on level 7 of the Dungeon)

   It protects you from fire.
   It makes you vulnerable to cold.
   It protects you from poison.
   It greatly protects you from negative energy.
 T - a +3 leather armour of fire resistance (worn)
   (You found it in a volcano)
Jewellery
 d - an uncursed ring of teleport control {cTele, !d}
   (You found it on level 2 of the Shoals)
 h - an uncursed amulet of stasis {Stasis, !d}
   (You found it on level 1 of the Dungeon)
 i - an uncursed ring of flight {+Fly, !d}
   (You found it on level 1 of the Shoals)
 l - a ring of protection from cold (left hand) {rC+, !d}
   (You took it off a kobold on level 1 of the Dungeon)
 n - a +3 ring of evasion
   (You took it off a big kobold on level 13 of the Dungeon)
 p - an uncursed ring of wizardry {Wiz+, !d}
   (You took it off a kobold on level 9 of the Dungeon)
 r - an uncursed ring of teleportation {+/*tele, !d}
   (You took it off a centaur warrior on level 13 of the Dungeon)
 t - an uncursed amulet of warding {unknown}
   (You found it on level 5 of the Shoals)
 A - a +5 ring of evasion (right hand)
   (You found it on level 7 of the Dungeon)
 N - an uncursed ring of protection from magic {MR+, !d}
   (You found it on level 5 of the Lair of Beasts)
Magical devices
 g - a wand of draining (0)
   (You found it on level 2 of the Shoals)
 P - a wand of paralysis (4)
   (You found it on level 1 of the Lair of Beasts)
 Q - a wand of invisibility (1)
   (You found it on level 3 of the Shoals)
Scrolls
 c - 5 scrolls of immolation {!r}
 e - 9 scrolls of remove curse
 j - 6 scrolls of enchant weapon
 o - 2 scrolls of recharging
 C - 4 scrolls of magic mapping {!r}
 E - a scroll of amnesia
 I - 2 scrolls of identify
Potions
 k - a potion of cancellation
 q - a potion of restore abilities
 s - 2 potions of brilliance
 G - 3 potions of flight
 K - 2 potions of mutation {!q}
 S - a potion of might
Books
 a - a book of Unlife
   (You bought it in a shop on level 4 of the Orcish Mines)
 m - a book of the Warp
   (You found it on level 3 of the Lair of Beasts)
 M - a book of Burglary
   (You found it on level 3 of the Shoals)
 R - a book of Conjurations
   (You found it on level 3 of the Shoals)
Miscellaneous
 y - a lamp of fire
   (You found it on level 6 of the Lair of Beasts)
Comestibles
 b - 9 bread rations {@e1}
 w - 13 meat rations {@e2}
 z - 18 fruits
 J - 24 royal jellies


   Skills:
 - Level 11.0 Fighting
 - Level 1.7 Armour
 + Level 13.2 Dodging
 - Level 21.0 Unarmed Combat
 - Level 8.0 Necromancy


You had 5 spell levels left.
You knew the following spells:

 Your Spells              Type           Power        Failure   Level  Hunger
b - Blink                 Tloc           N/A          7%          2    ###....
d - Repel Missiles        Chrm/Air       ###...       7%          2    ###....
s - Swiftness             Chrm/Air       ###.....     7%          2    ###....
A - Animate Dead          Necr           N/A          2%          4    #####..
B - Summon Butterflies    Summ           ###.....     4%          1    ##.....


Dungeon Overview and Level Annotations

Branches:
Dungeon (15/15)            Temple (0/1) D:4            Lair (8/8) D:8
 Shoals (5/5) Lair:3        Snake (0/5) Lair:4        Slime (0/6) Lair:7
    Orc (4/4) D:10            Elf (0/3) Orc:3        Vaults (0/5) D:14
 Depths (0/5) D:15

Altars:
Cheibriados
Gozag
Kikubaaqudgha
Nemelex Xobeh
Okawaru
Xom
The Shining One
Beogh

Shops:
Orc:4 :!:?%   Shoals:1 %

Portals:
Trove: D:11 (give 21 scrolls of identify)

Annotations:
D:7 Viceroy's ghost, experienced OgHu
Lair:6 exclusion: 4 oklob plants
Lair:7 exclusion: oklob plant
Shoals:2 Kirke; Louise


Innate Abilities, Weirdness & Mutations

You have a pair of large antennae on your head (SInv).
You are completely covered in iridescent scales (AC +8).
You can steal the life force of defeated enemies.
When hurt, damage is shared between your health and your magic reserves.
You regenerate magic rapidly.
You have very sharp teeth.
You have large cloven feet.
You are dopey. (Int -2)
You passively map a large area around you.
Your system is resistant to poisons.
Your natural rate of healing is unusually fast.
You are covered in fur (AC +1).
You are resistant to electric shocks.
Your spells are a little harder to cast, but a little more powerful.


Message History

You take 10 damage, and have 40/131 hp.
You now have 8/17 mp.
Unknown command.
The merfolk throws a tomahawk.
The tomahawk hits you but does no damage.
You hear a splash.
Read which item? (? for menu, Esc to quit)
Okay, then.
Drink which item? (? for menu, Esc to quit)
Okay, then.
Read which item? (? for menu, Esc to quit)
Okay, then.
You fade into invisibility!
You are very lightly contaminated with residual magic.
Evoking this partially-identified wand wasted a few charges.
The snapping turtle completely misses you.
The merfolk throws a tomahawk.
The tomahawk hits you!!
* * * LOW HITPOINT WARNING * * *
You hear a splash.
You take 14 damage, and have 26/131 hp.
You now have 5/17 mp.
Unknown command.
Read which item? (? for menu, Esc to quit)
Okay, then.
Drink which item? (? for menu, Esc to quit)
You feel better. The snapping turtle misses you.
The merfolk throws a tomahawk.
The tomahawk closely misses you.
You hear a splash.
You regained 11 hp, and now have 37/131 hp.
Drink which item? (? for menu, Esc to quit)
You feel clever all of a sudden. The snapping turtle misses you.
The merfolk throws a tomahawk.
The tomahawk completely misses you.
You hear a splash.
You blink.
The snapping turtle hisses angrily.
You are feeling hungry.
The manticore barely misses you. The manticore completely misses you.
The manticore misses you.
You now have 4/17 mp.
Unknown command.
You catch the helpless manticore completely off-guard!
You hit the manticore but do no damage.
You kick the manticore, but do no damage.
The merfolk hits you from afar with a trident.
* * * LOW HITPOINT WARNING * * *
You take 4 damage, and have 34/131 hp.
You now have 3/17 mp.
Unknown command.
You punch the manticore! The manticore completely misses you.
The manticore misses you. The manticore barely misses you.
You hit the manticore but do no damage. Your bite misses the manticore.
Unknown command.
You catch the helpless manticore completely off-guard!
You pummel the manticore!!
You kick the manticore, but do no damage.
You bite the manticore, but do no damage.
The manticore bites you but does no damage.
The manticore closely misses you. The manticore barely misses you.
You catch the helpless manticore completely off-guard!
You punch the manticore!
The merfolk aquamancer gestures at you while chanting.
The great wave of water hits you!
* * * LOW HITPOINT WARNING * * *
You are knocked back by the great wave of water.
The wave splashes down.
Splash!
You fall into the shallow water.
Moving in this stuff is going to be slow. ...and don't expect to remain undetected.
You hear a shout! x2
You hear an angry hiss.
You hear a shout!
You take 21 damage, and have 14/131 hp.
You now have 2/17 mp.
Unknown command.
Unknown command.
Unknown command.
Unknown command.
You blink. "Feel my power!"
The merfolk is outlined in light.
The plant is outlined in light.
The plant is outlined in light. x3
The merfolk is outlined in light.
The manticore is outlined in light.
The merfolk throws a tomahawk.
The tomahawk completely misses you.
You now have 0/17 mp.
Unknown command.
Unknown command.
Unknown command.
Unknown command.
Unknown command.
Drink which item? (? for menu, Esc to quit)
Okay, then.
Read which item? (? for menu, Esc to quit)
As you read the scroll of fog, it crumbles to dust.
The scroll dissolves into smoke.
A merfolk javelineer comes into view. It is wielding a spear of pain.
You punch the merfolk aquamancer!
Your kick misses the merfolk aquamancer.
The merfolk throws a tomahawk.
The tomahawk misses you. The snapping turtle misses you.
The merfolk aquamancer casts a spell at you.
The shard of ice hits you!
You die...
Xom is highly amused!

....,,,........)......?....##'##.
.≈≈,,,,........m#####.....##≈≈≈##
≈≈≈,,,,........##...##..≈.#≈≈≈≈≈#
≈≈,,,,,,.......#....H#≈≈≈≈#≈≈)≈≈#
≈≈≈≈,,,,.......+..}..#≈≈≈≈#≈≈≈≈≈*
,≈≈≈,,,,.......#.....#≈E≈≈##≈≈≈**
≈≈≈≈,,,,,.....§##.H.##≈≈≈≈≈####*,
≈≈≈≈,,,,.......§#####≈≈P≈≈≈≈≈≈.,,
≈≈≈≈,,,,......§§@tE.{≈%≈≈≈≈≈.(,,,
≈≈≈,,,,,......§§§m≈≈≈≈≈≈#####.,,,
≈≈,,,,,,,.....§§§m≈≈P≈≈##≈≈≈##,,,
≈≈,,,,,,,...P...≈≈≈≈≈≈P#≈≈≈≈≈*,,,
≈≈≈,,,,≈≈≈≈≈≈≈≈≈≈≈≈≈≈≈≈#.≈[.,+≈≈,
≈≈≈≈≈≈≈≈≈≈≈P≈≈≈≈≈Pm≈P≈≈#≈.≈,≈*≈≈,
≈≈≈≈≈≈≈≈≈≈≈≈≈≈≈≈≈≈((≈≈≈#*≈,,**≈≈≈
≈≈≈≈≈≈≈≈≈≈≈≈≈≈≈≈≈≈≈≈≈≈≈≈#****≈≈≈≈
≈≈≈≈≈≈≈≈≈≈≈≈P≈≈≈≈≈≈≈≈≈≈≈≈m≈≈≈≈≈≈≈


You could see a merfolk javelineer (wandering), a merfolk aquamancer, a snapping
turtle, 2 merfolk, 2 manticores and 2 water elementals.

Vanquished Creatures
  Rupert (D:15)
  A kraken (Shoals:5)
  Frances (D:13)
  A storm dragon (Lair:4)
  Ilsuiw (Shoals:5)
  Maud (D:11)
  A dire elephant (Lair:8)
  8 vault guards
  Snorg (Lair:6)
  A blizzard demon (IceCv)
  2 merfolk javelineers
  Erolcha (D:8)
  2 merfolk impalers
  Josephine (D:13)
  7 hydras
  An alligator snapping turtle (Shoals:2)
  Erica (Lair:2)
  A satyr (Shoals:5)
  2 merfolk avatars
  4 centaur warriors
  6 death yaks (Lair:8)
  3 merfolk aquamancers
  A soul eater (IceCv)
  2 tengu warriors (D:13)
  An orc high priest (Orc:4)
  5 ice devils (IceCv)
  A fire crab (Lair:6)
  An anaconda (D:15)
  An unseen horror (shapeshifter) (D:15)
  3 sea snakes
  4 ice statues (IceCv)
  3 unseen horrors
  A giant orange brain (D:15)
  An orc knight (D:15)
  7 harpies
  9 orc sorcerers (Orc:4)
  6 griffons
  2 wolf spider zombies (D:15)
  7 ugly things
  9 hill giants
  A salamander (Lair:4)
  3 fauns
  7 elephants
  4 water nymphs
  3 toenail golems (Volcano)
  14 cyclopes
  6 manticores
  14 spiny frogs
  A gargoyle (D:13)
  6 black mambas
  4 sirens
  A kobold demonologist (D:12)
  2 efreet
  A yaktaur (shapeshifter) (Lair:8)
  6 trolls
  A golden dragon simulacrum (IceCv)
  5 komodo dragons
  2 tengu conjurers
  An anaconda simulacrum (IceCv)
  A two-headed ogre (D:11)
  A fire drake (Lair:7)
  4 blink frogs (Lair:6)
  9 merfolk
  A polar bear (Lair:8)
  A raven (shapeshifter) (D:15)
  7 blue devils (IceCv)
  3 ravens (D:13)
  2 wind drakes
  A freezing wraith (D:15)
  6 wraiths
  A snapping turtle (Shoals:5)
  6 basilisks
  3 shadows
  56 yaks
  A dire elephant simulacrum (IceCv)
  A trapdoor spider (D:15)
  3 fire bats (Lair:6)
  4 water elementals
  3 deep elf magi
  2 humans (shapeshifter) (D:15)
  14 hippogriffs
  6 humans (Volcano)
  7 wargs
  3 steam dragons
  2 vampire mosquitoes (D:8)
  2 hippogriffs (shapeshifter) (D:15)
  An iron troll simulacrum (IceCv)
  2 mottled dragons
  A soldier ant (D:13)
  21 water moccasins
  3 nagas (Lair:4)
  9 wolves
  4 hydra simulacra (IceCv)
  16 ice beasts
  5 sky beasts
  10 porcupines
  An eye of draining (D:8)
  A swamp drake (Lair:7)
  A black bear (D:8)
  5 phantoms
  8 ogres
  An ettin simulacrum (IceCv)
  7 crocodiles
  3 boring beetles (Lair:8)
  2 necrophages
  3 wasps
  17 orc warriors
  6 big kobolds
  7 centaurs
  26 giant frogs
  7 scorpions
  7 killer bees
  11 wights
  9 crimson imps
  8 jellies
  2 quasits
  A giant frog zombie (D:11)
  9 iguanas
  7 centaur skeletons
  An iron imp (D:11)
  A jelly (shapeshifter) (D:15)
  Crazy Yiuf (D:4)
  4 centaur zombies
  18 orc priests
  37 orc wizards
  2 giant frog skeletons
  9 worker ants
  5 hounds
  A gnoll shaman (D:10)
  8 sheep
  3 hound zombies
  A hound skeleton (D:4)
  2 worker ant zombies (D:9)
  9 gnolls
  56 river rats
  A white imp (Lair:8)
  4 shadow imps
  15 adders
  A giant eyeball (shapeshifter) (Lair:1)
  3 adder skeletons
  8 oozes
  3 worms
  A worm (shapeshifter) (D:15)
  6 giant geckos
  144 orcs
  13 bats
  4 bat skeletons
  17 hobgoblins
  6 jackals
  21 kobolds
  7 quokkas
  5 ball pythons
  11 giant cockroaches
  A giant gecko zombie (D:6)
  3 giant newts (D:2)
  A giant spore (D:8)
  14 goblins
  2 jackal skeletons
  A quokka skeleton (D:5)
  16 rats
  3 ballistomycetes
  A butterfly (D:2)
  4 fungi
  A tentacle (Shoals:5)
1040 creatures vanquished.

Vanquished Creatures (collateral kills)
  Nikola (Shoals:2)
  Gastronok (D:8)
  A merfolk javelineer (Shoals:3)
  3 merfolk impalers
  Harold (Lair:2)
  A rakshasa (D:15)
  A centaur warrior (D:15)
  A death yak (Lair:8)
  A harpy (Shoals:1)
  3 sea snakes
  2 ugly things (D:15)
  2 griffons
  A cyclops (Shoals:1)
  A manticore (Shoals:5)
  A faun (Shoals:3)
  3 water nymphs
  A spiny frog (Lair:2)
  2 sirens
  A jumping spider (Lair:2)
  A golden dragon simulacrum (IceCv)
  4 merfolk
  4 slime creatures (D:15)
  3 snapping turtles
  7 water elementals
  2 yaks (Lair:2)
  3 hogs (Shoals:2)
  A hippogriff (Shoals:1)
  A warg (Orc:4)
  4 wolves (Lair:8)
  An orc warrior (D:15)
  A porcupine (Lair:4)
  5 ice beasts (Shoals:5)
  A giant frog (Lair:2)
  A jelly (Lair:2)
  2 orc priests (Orc:4)
  4 orc wizards (Orc:4)
  3 sheep
  2 gnolls (D:3)
  A river rat (D:8)
  2 ufetubi
  8 orcs
  A giant cockroach (D:3)
  A quokka (D:3)
  2 plants (Shoals:5)
  3 tentacles (Shoals:5)
96 creatures vanquished.

Vanquished Creatures (others)
  4 dancing weapons
  A harpy (Shoals:1)
  2 drowned souls (Shoals:1)
  A tengu conjurer (D:13)
  A water elemental (Shoals:5)
  3 yaks (Lair:2)
  A neqoxec (Lair:2)
  An ice beast (IceCv)
  A black bear (D:11)
  8 spiders
  A giant frog (D:13)
  10 quasits
  17 iron imps
  An orc wizard (Orc:4)
  6 white imps
  12 shadow imps
  8 ufetubi
  4 orcs
  A giant spore (D:13)
  3 ballistomycetes (D:13)
  2 bushes (Lair:8)
  9 fungi
  7 plants
  23 tentacles (Shoals:5)
  746 tentacle segments (Shoals:5)
873 creatures vanquished.

Grand Total: 2009 creatures vanquished

Notes
Turn   | Place    | Note
--------------------------------------------------------------
     0 | D:1      | RobertPalmer, the Demonspawn Chaos Knight, began the quest for the Orb.
     0 | D:1      | Reached XP level 1. HP: 18/18 MP: 1/1
   163 | D:1      | XOM: smoke on damage
   172 | D:1      | Reached skill level 3 in Unarmed Combat
   182 | D:1      | XOM: divination: detect creatures
   499 | D:1      | Gained mutation: You have a pair of small antennae on your head. [demonic ancestry]
   499 | D:1      | Reached XP level 2. HP: 24/24 MP: 2/2
   953 | D:2      | XOM: stealth player
  1152 | D:2      | Reached XP level 3. HP: 25/29 MP: 3/3
  1253 | D:2      | Reached skill level 4 in Unarmed Combat
  1269 | D:2      | XOM: colour smoke trail
  1623 | D:2      | XOM: god gift: crude falchion {god gift}
  1624 | D:2      | Got a crude falchion {god gift}
  1663 | D:2      | Identified the +8 falchion of the Shining Light {freeze, rF+} (Xom gifted it to you on level 2 of the Dungeon)
  1986 | D:3      | Reached XP level 4. HP: 35/35 MP: 4/4
  2008 | D:3      | Reached skill level 5 in Unarmed Combat
  2234 | D:3      | XOM: give mutations
  2234 | D:3      | Gained mutation: Your flesh is cold resistant. [Xom's grace]
  2234 | D:3      | Gained mutation: You have a pair of antennae on your head. [Xom's grace]
  2234 | D:3      | Gained mutation: You passively map a small area around you. [Xom's grace]
  2234 | D:3      | Gained mutation: You are covered in fur (AC +1). [Xom's grace]
  2409 | D:3      | XOM: enchant monster (good)
  2410 | D:3      | Gained mutation: You have a pair of large antennae on your head (SInv). [demonic ancestry]
  2410 | D:3      | Reached XP level 5. HP: 41/41 MP: 5/5
  2482 | D:3      | Found a snail-covered altar of Cheibriados.
  2962 | D:4      | Found a staircase to the Ecumenical Temple.
  2963 | D:4      | XOM: 4-stop teleportation journey
  3006 | D:4      | XOM: 2-stop teleportation journey
  3216 | D:4      | XOM: vitrification
  3299 | D:4      | XOM: 1-stop teleportation journey
  3414 | D:4      | Reached skill level 6 in Unarmed Combat
  3560 | D:4      | Gained mutation: When hurt, damage is shared between your health and your magic reserves. [demonic ancestry]
  3560 | D:4      | Reached XP level 6. HP: 47/47 MP: 6/6
  3711 | D:4      | XOM: give mutations
  3711 | D:4      | Gained mutation: You are resistant to hostile enchantments. [Xom's grace]
  3711 | D:4      | Gained mutation: You can spit weak poison. [Xom's grace]
  3722 | D:4      | XOM: god gift: 4 silver tomahawks
  3757 | D:4      | XOM: vitrification
  3863 | D:4      | Lost mutation: You are resistant to hostile enchantments. [potion of mutation]
  3863 | D:4      | Gained mutation: You have very sharp teeth. [potion of mutation]
  3863 | D:4      | Gained mutation: Your muscles are strong. (Str +2) [potion of mutation]
  3864 | D:4      | Gained mutation: You are clumsy. (Dex -2) [potion of mutation]
  3864 | D:4      | Lost mutation: You can spit weak poison. [potion of mutation]
  3923 | D:4      | Noticed Crazy Yiuf
  3929 | D:4      | Killed Crazy Yiuf
  3935 | D:4      | Got a shimmering hammer
  3952 | D:4      | Identified the +3 hammer "Goblinslayer" {crush, rElec} (You found it on level 4 of the Dungeon)
  4108 | D:5      | Entered Level 5 of the Dungeon
  4140 | D:5      | Reached skill level 7 in Unarmed Combat
  4204 | D:5      | Reached XP level 7. HP: 47/52 MP: 7/7
  4205 | D:5      | XOM: divination: detect creatures
  4324 | D:5      | Reached skill level 8 in Unarmed Combat
  4470 | D:5      | XOM is BORED!
  4470 | D:5      | XOM: mild Erth miscast
  4486 | D:5      | XOM: give mutations
  4486 | D:5      | Gained mutation: You are dopey. (Int -2) [Xom's mischief]
  4486 | D:5      | Gained mutation: You are very clumsy. (Dex -4) [Xom's mischief]
  4486 | D:5      | Gained mutation: You are frail (-10% HP). [Xom's mischief]
  4538 | D:5      | XOM: silly message
  4556 | D:5      | Found a sparkling altar of Nemelex Xobeh.
  5081 | D:6      | XOM: 5-stop teleportation journey
  5086 | D:6      | Reached skill level 9 in Unarmed Combat
  5086 | D:6      | Reached XP level 8. HP: 22/51 MP: 3/8
  5392 | D:6      | You fall through a shaft!
  5441 | D:7      | Got a pair of jewelled gloves
  5455 | D:7      | XOM: summons 3 hostile shadow creatures
  5592 | D:6      | XOM: cast spell 'Summon Small Mammal'
  5830 | D:7      | XOM: scenery: 2 doors open
  5849 | D:7      | XOM: torment (29/51 hp)
  5865 | D:7      | HP: 8/51 [wyvern skeleton (11)]
  5865 | D:7      | HP: 1/51 [wyvern skeleton (7)]
  5910 | D:6      | XOM: noise
  6167 | D:7      | XOM: noise
  6173 | D:7      | XOM: confusion
  6193 | D:6      | Identified the +2 pair of gloves of Narcissism {rPois rF+ rC- rN++} (You found it on level 7 of the Dungeon)
  6287 | D:6      | Learned a level 2 spell: Repel Missiles
  6360 | D:7      | Noticed Viceroy's ghost (experienced OgHu)
  6383 | D:7      | XOM: summons 3 friendly demons
  6389 | D:7      | XOM: summons 4 friendly demons
  6408 | D:7      | XOM: fog
  6457 | D:7      | XOM: summons friendly iron imp
  6494 | D:7      | XOM: swap monsters
  6496 | D:7      | XOM: mild Ice miscast
  6503 | D:7      | XOM: swap monsters
  6586 | D:7      | XOM: noise
  6633 | D:6      | XOM: give mutations
  6633 | D:6      | Lost mutation: You are frail (-10% HP). [Xom's mischief]
  6633 | D:6      | Gained mutation: You are very dopey. (Int -4) [Xom's mischief]
  6633 | D:6      | Lost mutation: You are very dopey. (Int -4) [Xom's mischief]
  6633 | D:6      | Gained mutation: Your natural rate of healing is unusually fast. [Xom's mischief]
  6829 | D:7      | XOM: give mutations
  6829 | D:7      | Lost mutation: Your muscles are strong. (Str +2) [Xom's mischief]
  6829 | D:7      | Gained mutation: Your body is slowly deteriorating. [Xom's mischief]
  6829 | D:7      | Lost mutation: You are very clumsy. (Dex -4) [Xom's mischief]
  6829 | D:7      | Lost mutation: Your body is slowly deteriorating. [Xom's mischief]
  6840 | D:7      | Reached skill level 10 in Unarmed Combat
  6908 | D:7      | XOM: medium Chrm miscast
  6922 | D:8      | Found a shimmering altar of Xom.
  6922 | D:8      | XOM: 1-stop teleportation journey
  6923 | D:8      | Noticed Gastronok
  6924 | D:8      | You fall through a shaft!
  6924 | D:10     | Entered Level 10 of the Dungeon
  7151 | D:9      | XOM: confuse monster(s)
  7247 | D:9      | Reached skill level 11 in Unarmed Combat
  7248 | D:9      | Gained mutation: You are partially covered in iridescent scales (AC +4). [demonic ancestry]
  7248 | D:9      | Reached XP level 9. HP: 55/63 MP: 9/9
  7264 | D:9      | XOM: mild Chrm miscast
  7584 | D:9      | XOM: divination: detect creatures
  7624 | D:9      | Found an iron altar of Okawaru.
  7646 | D:9      | XOM: confuse monster(s)
  7762 | D:9      | Reached skill level 12 in Unarmed Combat
  8101 | D:8      | Found a staircase to the Lair.
  8160 | Lair:1   | XOM: noise
  8160 | Lair:1   | Entered Level 1 of the Lair of Beasts
  8196 | Lair:1   | Noticed a spiny frog
  8203 | Lair:1   | XOM: cast spell 'Summon Butterflies'
  8222 | Lair:1   | Killed a spiny frog
  8265 | Lair:1   | XOM: 1-stop teleportation journey
  8266 | Lair:1   | Noticed a komodo dragon
  8280 | Lair:1   | XOM: confusion
  8307 | Lair:1   | XOM: fake destruction
  8310 | Lair:1   | XOM: potion effect (curing)
  8333 | Lair:1   | Killed a komodo dragon
  8372 | Lair:1   | Reached skill level 13 in Unarmed Combat
  8428 | Lair:1   | XOM: polymorph river rat -> adder
  8435 | Lair:1   | Paralysed by a giant eyeball for 2 turns
  8454 | Lair:1   | XOM: colour smoke trail
  8478 | Lair:1   | Mutation became permanent: You have a pair of large antennae on your head (SInv). [demonic ancestry]
  8478 | Lair:1   | Reached XP level 10. HP: 68/70 MP: 10/10
  8489 | Lair:1   | Noticed a black mamba
  8494 | Lair:1   | Killed a black mamba
  8622 | Lair:1   | Noticed a spiny frog
  8626 | Lair:1   | XOM: confuse monster(s)
  8627 | Lair:1   | XOM: divination: detect creatures
  8648 | Lair:1   | Killed a spiny frog
  8720 | Lair:1   | Identified the Disquisition on Attacks and the Frostbite (You found it on level 1 of the Lair of Beasts)
  8996 | Lair:1   | XOM: harmless Ice miscast
  9063 | Lair:1   | XOM: mild Air miscast
  9170 | Lair:2   | XOM: polymorph yak -> jumping spider
  9171 | Lair:2   | XOM: noise
  9186 | Lair:1   | XOM: harmless Necr miscast
  9249 | Lair:2   | XOM: mild Fire miscast
  9257 | Lair:2   | Reached skill level 14 in Unarmed Combat
  9259 | Lair:2   | XOM: divine lightning
  9272 | Lair:2   | Noticed Harold
  9275 | Lair:2   | Noticed an octopode
  9275 | Lair:2   | a yak changed into an octopode
  9275 | Lair:2   | XOM: polymorph yak -> octopode
  9292 | Lair:2   | XOM: confusion (+ monsters)
  9295 | Lair:2   | XOM: fog
  9309 | Lair:2   | HP: 13/70 [jumping spider (7)]
  9406 | Lair:2   | XOM: god gift: scroll labeled OPIH ZUGAKON
  9419 | Lair:2   | XOM: fog
  9423 | Lair:2   | XOM: polymorph porcupine -> jelly
  9434 | Lair:2   | XOM: give mutations
  9434 | Lair:2   | Lost mutation: You passively map a small area around you. [Xom's mischief]
  9434 | Lair:2   | Lost mutation: You are clumsy. (Dex -2) [Xom's mischief]
  9435 | Lair:2   | XOM: enchant monster (bad)
  9452 | Lair:2   | XOM: harmless Necr miscast
  9458 | Lair:2   | XOM: summons 6 friendly demons
  9465 | Lair:2   | XOM: 2-stop teleportation journey
  9470 | Lair:2   | XOM: divine lightning
  9495 | Lair:2   | Noticed an unseen horror
  9495 | Lair:2   | an octopode changed into an unseen horror
  9495 | Lair:2   | XOM: polymorph octopode -> unseen horror
  9513 | Lair:2   | XOM: noise
  9528 | Lair:2   | Noticed Erica
  9530 | Lair:2   | HP: 5/70 [komodo dragon (19)]
  9534 | Lair:2   | XOM: summons friendly ufetubus
  9905 | Lair:2   | XOM: enchant monster (good)
  9910 | Lair:2   | XOM: 4-stop teleportation journey
  9914 | Lair:2   | XOM: confuse monster(s)
  9991 | Lair:2   | XOM: potion effect (experience)
  9991 | Lair:2   | Reached skill level 8 in Dodging
  9991 | Lair:2   | Gained mutation: You regenerate magic rapidly. [demonic ancestry]
  9991 | Lair:2   | Reached XP level 11. HP: 70/75 MP: 8/11
 10010 | Lair:2   | XOM: give mutations
 10010 | Lair:2   | Gained mutation: You are resistant to electric shocks. [Xom's grace]
 10010 | Lair:2   | Gained mutation: You passively map a small area around you. [Xom's grace]
 10019 | Lair:2   | XOM: give mutations
 10019 | Lair:2   | Lost mutation: Your flesh is cold resistant. [Xom's mischief]
 10019 | Lair:2   | Gained mutation: Your body is slowly deteriorating. [Xom's mischief]
 10019 | Lair:2   | Gained mutation: You are very dopey. (Int -4) [Xom's mischief]
 10045 | Lair:2   | XOM: swap monsters
 10052 | Lair:2   | XOM: silly message
 10076 | Lair:2   | HP: 7/75 [spiny frog (14)]
 10094 | Lair:2   | HP: 14/75 [porcupine's spines (4)]
 10301 | Lair:2   | Killed Erica
 10407 | Lair:2   | Reached skill level 15 in Unarmed Combat
 10575 | Lair:2   | Killed an unseen horror
 10575 | Lair:2   | Reached XP level 12. HP: 78/81 MP: 12/12
 10666 | Lair:2   | XOM: summons 12 friendly demons
 10688 | Lair:2   | Killed Harold
 11177 | Lair:2   | XOM: medium Conj miscast
 11337 | Lair:3   | Noticed a six-headed hydra
 11337 | Lair:3   | XOM: confuse monster(s)
 11339 | Lair:3   | XOM: summons 2 friendly demons
 11373 | Lair:3   | XOM: confuse monster(s)
 11382 | Lair:3   | Killed a six-headed hydra
 11524 | Lair:3   | XOM: noise
 11718 | Lair:3   | XOM: noise
 11719 | Lair:3   | XOM: divination: detect creatures
 11721 | Lair:3   | XOM: mild Air miscast
 11723 | Lair:3   | XOM: harmless Air miscast
 11732 | Lair:3   | XOM: draining
 11831 | Lair:3   | Got a polished scale mail
 11934 | Lair:3   | Found a staircase to the Shoals.
 11952 | Lair:3   | XOM: colour smoke trail
 11953 | Lair:3   | XOM: severe Conj miscast
 12172 | Lair:3   | XOM: silly message
 12190 | Lair:3   | XOM: colour smoke trail
 12201 | Lair:3   | XOM: confuse monster(s)
 12225 | Lair:3   | Reached skill level 16 in Unarmed Combat
 12258 | Lair:4   | XOM: enchant monster (bad)
 12260 | Lair:4   | XOM: confusion
 12313 | Lair:4   | Found a staircase to the Snake Pit.
 12313 | Lair:4   | XOM: 4-stop teleportation journey
 12317 | Lair:4   | Noticed an eight-headed hydra
 12330 | Lair:4   | Killed an eight-headed hydra
 12366 | Lair:4   | XOM: noise
 12484 | Lair:4   | XOM: mild Conj miscast
 12489 | Lair:4   | XOM: mild Summ miscast
 12921 | Lair:4   | XOM: divination: detect creatures
 13046 | Lair:4   | XOM: mild Tloc miscast
 13058 | Lair:4   | XOM: blink monster(s)
 13062 | Lair:4   | XOM: medium Conj miscast
 13062 | Lair:4   | HP: 20/81 [something (11)]
 13090 | Lair:4   | XOM: 3-stop teleportation journey
 13091 | Lair:4   | HP: 26/121 [komodo dragon (16)]
 13099 | Lair:4   | HP: 9/121 [komodo dragon (10)]
 13104 | Lair:4   | HP: 15/121 [yak (5)]
 13110 | Lair:4   | HP: 12/121 [yak (1)]
 13395 | Lair:4   | XOM: swap monsters
 13398 | Lair:4   | XOM: enchant monster (bad)
 13399 | Lair:4   | XOM: summons 2 hostile shadow creatures
 13412 | Lair:4   | XOM: summons 5 friendly demons
 13471 | Lair:4   | XOM: silly message
 13499 | Lair:4   | Reached skill level 17 in Unarmed Combat
 13575 | Lair:4   | XOM: cast spell 'Confusing Touch'
 13591 | Lair:4   | XOM: 8-stop teleportation journey
 13685 | Lair:4   | Noticed an eight-headed hydra
 13685 | Lair:4   | Noticed a storm dragon
 13685 | Lair:4   | an eight-headed hydra changed into a storm dragon
 13685 | Lair:4   | XOM: polymorph eight-headed hydra -> storm dragon
 13737 | Lair:4   | XOM: chaos cloud
 13748 | Lair:4   | Killed a storm dragon
 13815 | Lair:4   | XOM: confusion (+ monsters)
 13935 | Lair:4   | Gained mutation: You are mostly covered in iridescent scales (AC +6). [demonic ancestry]
 13935 | Lair:4   | Reached XP level 13. HP: 50/86 MP: 9/13
 14230 | Lair:4   | XOM: mild Pois miscast
 14376 | Lair:5   | XOM: give mutation
 14376 | Lair:5   | Lost mutation: Your body is slowly deteriorating. [Xom's mischief]
 14580 | Lair:5   | XOM: harmless Air miscast
 14649 | Lair:5   | XOM: vitrification
 14909 | Lair:5   | Learned a level 2 spell: Blink
 14911 | Lair:5   | Learned a level 1 spell: Summon Butterflies
 15407 | Lair:6   | Found a dark tunnel.
 15432 | Volcano  | Entered a volcano
 15447 | Volcano  | XOM: 3-stop teleportation journey
 15565 | Volcano  | XOM: noise
 15616 | Volcano  | XOM: chaos cloud
 15619 | Volcano  | Reached skill level 18 in Unarmed Combat
 15734 | Lair:6   | XOM: divination: detect creatures
 15786 | Lair:6   | XOM: cast spell 'Summon Butterflies'
 15896 | Lair:6   | XOM: enchant monster (good)
 15902 | Lair:6   | XOM: destruction
 15912 | Lair:6   | XOM: give mutations
 15912 | Lair:6   | Gained mutation: Your muscles are strong. (Str +2) [Xom's grace]
 15912 | Lair:6   | Gained mutation: You have large cloven feet. [Xom's grace]
 15912 | Lair:6   | Gained mutation: You are completely covered in iridescent scales (AC +8). [Xom's grace]
 15912 | Lair:6   | Gained mutation: You are agile. (Dex +2) [Xom's grace]
 15918 | Lair:6   | XOM: cast spell 'Summon Small Mammal'
 16000 | Lair:6   | XOM: cast spell 'Necromutation'
 16211 | Lair:6   | Noticed Snorg
 16212 | Lair:6   | XOM: enchant monster (good)
 16235 | Lair:6   | Killed Snorg
 16258 | Lair:6   | XOM: summons friendly crimson imp
 16282 | Lair:6   | XOM: medium Divn miscast
 16379 | Lair:6   | XOM: confuse monster(s)
 16589 | Lair:7   | Found a staircase to the Slime Pits.
 16839 | Lair:7   | XOM: 5-stop teleportation journey
 16841 | Lair:7   | XOM: smoke on damage
 17199 | Lair:7   | XOM: mild Divn miscast
 17325 | Lair:8   | Entered Level 8 of the Lair of Beasts
 17408 | Lair:8   | XOM: confuse monster(s)
 17419 | Lair:8   | XOM: swap monsters
 17434 | Lair:8   | XOM: harmless Tloc miscast
 17443 | Lair:8   | XOM: god gift: 1600 gold pieces
 17451 | Lair:8   | Noticed a dire elephant
 17451 | Lair:8   | a death yak changed into a dire elephant
 17451 | Lair:8   | XOM: polymorph death yak -> dire elephant
 17488 | Lair:8   | XOM: summons 3 friendly demons
 17580 | Lair:8   | XOM: 1-stop teleportation journey
 17601 | Lair:8   | Found an ancient bone altar of Kikubaaqudgha.
 17693 | Lair:8   | XOM: harmless Ice miscast
 17764 | Lair:8   | XOM: snakes to sticks
 17775 | Lair:8   | XOM: enchant monster (good)
 17781 | Lair:8   | Noticed an azure jelly
 17790 | Lair:8   | XOM: destruction
 17806 | Lair:8   | XOM: enchant monster (good)
 17813 | Lair:8   | XOM: divine lightning
 17815 | Lair:8   | XOM: potion effect (brilliance)
 17820 | Lair:8   | XOM: divination: magic mapping
 17872 | Lair:8   | Reached skill level 19 in Unarmed Combat
 17875 | Lair:8   | XOM: divination: detect creatures
 17886 | Lair:8   | XOM: harmless Ice miscast
 17888 | Lair:8   | XOM: summons friendly shadow imp
 18040 | Lair:8   | XOM: enchant monster (good)
 18041 | Lair:8   | XOM: cast spell 'Confusing Touch'
 18086 | Lair:8   | Reached skill level 4 in Fighting
 18131 | Lair:8   | XOM: 10-stop teleportation journey
 18168 | Lair:8   | XOM: enchant monster (good)
 18207 | Lair:8   | XOM: cast spell 'Stoneskin'
 18212 | Lair:8   | XOM: summons 7 friendly demons
 18249 | Lair:8   | XOM: fog
 18278 | Lair:8   | XOM: enchant monster (good)
 18282 | Lair:8   | XOM: confuse monster(s)
 18300 | Lair:8   | Reached skill level 5 in Fighting
 18307 | Lair:8   | XOM: summons friendly iron imp
 18308 | Lair:8   | XOM: summons friendly ufetubus
 18310 | Lair:8   | XOM: summons 13 friendly demons
 18328 | Lair:8   | XOM: potion effect (heal wounds)
 18347 | Lair:8   | XOM: destruction
 18367 | Lair:8   | HP: 15/91 [death yak (15)]
 18429 | Lair:8   | XOM: confuse monster(s)
 18435 | Lair:8   | XOM: fog
 18444 | Lair:8   | XOM: destruction
 18470 | Lair:8   | HP: 20/91 [catoblepas (10)]
 18611 | Lair:8   | Gained mutation: You can steal the life force of nearby defeated enemies. [demonic ancestry]
 18611 | Lair:8   | Reached XP level 14. HP: 59/99 MP: 9/14
 18615 | Lair:8   | XOM: god gift: 12 royal jellies
 18748 | Lair:8   | XOM: confusion
 18752 | Lair:8   | XOM: potion effect (might)
 18766 | Lair:8   | Reached skill level 6 in Fighting
 18788 | Lair:8   | XOM: god gift: 5 tomahawks of dispersal
 18914 | Lair:8   | XOM: harmless Pois miscast
 18932 | Lair:8   | XOM: summons 2 hostile demons
 18938 | Lair:8   | XOM: enchant monster (good)
 18943 | Lair:8   | XOM: divination: detect creatures
 18944 | Lair:8   | XOM: confusion
 18962 | Lair:8   | XOM: summons 3 hostile demons
 18974 | Lair:8   | XOM: polymorph death yak -> dire elephant
 18999 | Lair:8   | Reached skill level 7 in Fighting
 19344 | D:8      | Killed Gastronok
 19344 | D:8      | Reached skill level 8 in Fighting
 19347 | D:8      | XOM: polymorph bat -> river rat
 19357 | D:8      | Found a shimmering altar of Xom.
 19358 | D:8      | Found a shimmering altar of Xom.
 19359 | D:8      | Found a shimmering altar of Xom.
 19362 | D:8      | Found a shimmering altar of Xom.
 19363 | D:8      | Found a shimmering altar of Xom.
 19381 | D:8      | XOM: chaos upgrade
 19460 | D:8      | Identified Sif Muna's Incunabulum of Curses
 19737 | D:8      | XOM: 2-stop teleportation journey
 19738 | D:8      | Noticed Erolcha
 19749 | D:8      | Killed Erolcha
 20337 | D:10     | Reached skill level 9 in Fighting
 20433 | D:10     | XOM: summons 1 hostile demon
 20550 | D:10     | XOM: harmless Trmt miscast
 20569 | D:10     | XOM: give mutations
 20569 | D:10     | Gained mutation: You passively map the area around you. [Xom's mischief]
 20569 | D:10     | Lost mutation: You are agile. (Dex +2) [Xom's mischief]
 20569 | D:10     | Lost mutation: Your muscles are strong. (Str +2) [Xom's mischief]
 20661 | D:10     | Noticed a hill giant
 20662 | D:10     | XOM: blink monster(s)
 20667 | D:10     | Killed a hill giant
 20745 | D:10     | Found a staircase to the Orcish Mines.
 20851 | Orc:1    | Entered Level 1 of the Orcish Mines
 21104 | Orc:1    | XOM: fog
 21484 | Orc:3    | XOM: potion effect (haste)
 21565 | Orc:3    | XOM: chaos upgrade
 21592 | Orc:3    | XOM: harmless Necr miscast
 21611 | Orc:3    | Found a staircase to the Elven Halls.
 21857 | Orc:3    | XOM: vitrification
 22024 | Orc:4    | Entered Level 4 of the Orcish Mines
 22141 | Orc:4    | XOM: destruction
 22191 | Orc:4    | XOM: divination: detect creatures
 22210 | Orc:4    | Reached skill level 10 in Fighting
 22246 | Orc:4    | Found Edempoer's Book Shop.
 22261 | Orc:4    | XOM: summons friendly iron imp
 22280 | Orc:4    | Found Dilu's Distillery.
 22303 | Orc:4    | Bought a potion of heal wounds for 70 gold pieces
 22303 | Orc:4    | Bought a potion of curing for 42 gold pieces
 22323 | Orc:4    | Found a roughly hewn altar of Beogh.
 22340 | Orc:4    | Found Wino's Food Shop.
 22365 | Orc:4    | Found Ahucesun's Magic Scroll Emporium.
 22463 | Orc:4    | Bought a scroll of magic mapping for 42 gold pieces
 22463 | Orc:4    | Bought a scroll of magic mapping for 42 gold pieces
 22463 | Orc:4    | Bought a scroll of blinking for 90 gold pieces
 22463 | Orc:4    | Bought a scroll of teleportation for 36 gold pieces
 22463 | Orc:4    | Bought a scroll of fog for 24 gold pieces
 22463 | Orc:4    | Bought a scroll of identify for 24 gold pieces
 22524 | Orc:4    | XOM: summons friendly iron imp
 22692 | Orc:4    | Reached skill level 11 in Fighting
 22841 | Orc:4    | Found Hemi's Book Shop.
 22974 | Orc:4    | XOM: harmless Necr miscast
 23025 | Orc:4    | Bought a book of Unlife for 1105 gold pieces
 23035 | Orc:4    | Learned a level 4 spell: Animate Dead
 23150 | Orc:4    | XOM: torment (74/113 hp)
 23282 | Orc:2    | XOM: mild Divn miscast
 23456 | D:11     | Noticed Maud
 23462 | D:11     | XOM: 1-stop teleportation journey
 23469 | D:11     | XOM: noise
 23489 | D:11     | Reached skill level 1 in Necromancy
 23493 | D:11     | XOM: blink monster(s)
 23498 | D:11     | Reached skill level 2 in Necromancy
 23502 | D:11     | XOM: stat loss: -1 Str (12/13)
 23508 | D:11     | XOM: chaos upgrade
 23509 | D:11     | Reached skill level 3 in Necromancy
 23520 | D:11     | XOM: destruction
 23531 | D:11     | XOM: summons friendly ufetubus
 23542 | D:11     | XOM: confuse monster(s)
 23562 | D:11     | Reached skill level 4 in Necromancy
 23564 | D:11     | XOM: divination: detect creatures
 23566 | D:11     | XOM: divination: detect items
 23574 | D:11     | XOM: divination: magic mapping
 23589 | D:11     | XOM: cast spell 'Stoneskin'
 23603 | D:11     | XOM: divination: detect creatures
 23614 | D:11     | Reached skill level 5 in Necromancy
 23617 | D:11     | XOM: divination: detect items
 23852 | D:11     | Killed Maud
 23978 | D:11     | XOM: 3-stop teleportation journey
 23986 | D:11     | Reached skill level 6 in Necromancy
 24016 | D:11     | XOM: summons friendly iron imp
 24059 | D:11     | XOM: harmless Tloc miscast
 24129 | D:11     | XOM: potion effect (haste)
 24201 | D:11     | XOM: mild Summ miscast
 24215 | D:11     | Reached XP level 15. HP: 111/118 MP: 13/15
 24268 | D:11     | Reached skill level 7 in Necromancy
 24402 | D:11     | Found a portal to a secret trove of treasure.
 24528 | D:12     | XOM: noise
 24603 | D:12     | XOM: 4-stop teleportation journey
 24684 | D:12     | XOM: colour smoke trail
 24704 | D:12     | XOM: blink monster(s)
 24834 | D:12     | XOM: mild Necr miscast
 24941 | D:12     | Reached skill level 8 in Necromancy
 25036 | D:13     | XOM: summons friendly iron imp
 25081 | D:13     | Noticed Frances
 25097 | D:13     | Killed Frances
 25178 | D:13     | HP: 29/117 [centaur warrior/uncursed mace (4)]
 25293 | D:13     | XOM: confuse monster(s)
 25296 | D:13     | Found an opulent altar of Gozag.
 25298 | D:13     | XOM: cast spell 'Hydra Form'
 25389 | D:13     | XOM: silly message
 25701 | D:13     | Identified a scroll of acquirement
 25731 | D:13     | XOM: harmless Conj miscast
 25757 | D:13     | Noticed Josephine
 25776 | D:13     | XOM: chaos upgrade
 25780 | D:13     | Killed Josephine
 26033 | D:14     | Found a gate to the Vaults.
 26042 | D:14     | XOM: enchant monster (good)
 26052 | D:14     | XOM: noise
 26063 | D:14     | XOM: polymorph vault guard -> griffon
 26086 | D:14     | XOM: enchant monster (bad)
 26139 | D:14     | XOM: enchant monster (good)
 26229 | D:14     | XOM: enchant monster (bad)
 26375 | D:14     | XOM: summons friendly shadow imp
 26390 | D:14     | Reached skill level 20 in Unarmed Combat
 26467 | D:14     | XOM: mild Divn miscast
 26710 | D:14     | XOM: harmless Conj miscast
 27118 | D:14     | XOM: mild Ice miscast
 27179 | D:15     | Entered Level 15 of the Dungeon
 27184 | D:15     | XOM: divination: detect items
 27191 | D:15     | XOM: summons friendly white imp
 27198 | D:15     | XOM: polymorph orc warrior -> worm
 27246 | D:15     | XOM: swap monsters
 27314 | D:15     | XOM: summons 8 friendly demons
 27349 | D:15     | Found a staircase to the Depths.
 27393 | D:15     | XOM: enchant monster (good)
 27401 | D:15     | XOM: summons friendly ufetubus
 27406 | D:15     | Noticed Rupert
 27410 | D:15     | XOM: polymorph orc warrior -> sheep
 27414 | D:15     | XOM: fog
 27563 | D:15     | Upgraded the game from 0.17-a0-764-gd40c196 to 0.17-a0-776-gd86b262
 27613 | D:15     | XOM: divination: magic mapping
 27627 | D:15     | XOM: confuse monster(s)
 27633 | D:15     | XOM: summons friendly iron imp
 27644 | D:15     | Killed Rupert
 27668 | D:15     | XOM: summons friendly iron imp
 27671 | D:15     | XOM: destruction
 27673 | D:15     | XOM: polymorph brown ugly thing -> anaconda
 27689 | D:15     | XOM: divination: magic mapping
 27696 | D:15     | XOM: summons 2 friendly demons
 27768 | D:15     | XOM: enchant monster (good)
 27817 | D:15     | Found a glowing golden altar of the Shining One.
 27915 | D:15     | Gained mutation: You can steal the life force of defeated enemies. [demonic ancestry]
 27915 | D:15     | Reached XP level 16. HP: 114/125 MP: 13/16
 28200 | D:15     | XOM: god gift: robe {god gift}
 28281 | D:13     | XOM: divination: detect creatures
 28562 | Lair:2   | XOM: god gift: 24 stones
 28596 | Shoals:1 | Entered Level 1 of the Shoals
 28596 | Shoals:1 | XOM: colour smoke trail
 28609 | Shoals:1 | XOM: enchant monster (good)
 28633 | Shoals:1 | Reached skill level 21 in Unarmed Combat
 28695 | Shoals:1 | XOM: confusion
 28717 | Shoals:1 | XOM: smoke on damage
 28730 | Shoals:1 | XOM: enchant monster (good)
 28734 | Shoals:1 | XOM: swap monsters
 28744 | Shoals:1 | XOM: confusion (+ monsters)
 28756 | Shoals:1 | Reached skill level 9 in Dodging
 28764 | Shoals:1 | XOM: summons friendly ufetubus
 28870 | Shoals:1 | Found Peeduddo's Food Boutique.
 29076 | Shoals:1 | XOM: confusion (+ monsters)
 29198 | Shoals:2 | XOM: chaos upgrade
 29208 | Shoals:2 | XOM: confuse monster(s)
 29228 | Shoals:2 | XOM: enchant monster (bad)
 29242 | Shoals:2 | HP: 24/125 [alligator snapping turtle (22)]
 29428 | Shoals:2 | XOM: mild Conj miscast
 29512 | Shoals:2 | XOM: colour smoke trail
 29540 | Shoals:2 | Noticed Nikola
 29548 | Shoals:2 | XOM: divination: detect items
 29561 | Shoals:2 | Killed Nikola
 29561 | Shoals:2 | Reached skill level 10 in Dodging
 29650 | Shoals:2 | Noticed Louise
 29679 | Shoals:2 | Noticed Kirke
 29679 | Shoals:2 | Your ally Nikola died
 29718 | Shoals:3 | XOM: noise
 29745 | Shoals:3 | XOM: confuse monster(s)
 29970 | Shoals:3 | XOM: medium Trmt miscast
 30157 | Shoals:3 | XOM: repel stairs
 30237 | Shoals:4 | Reached skill level 11 in Dodging
 30257 | Shoals:4 | XOM: god gift: 18 gold pieces
 30330 | Shoals:5 | Entered Level 5 of the Shoals
 30384 | Shoals:5 | Found a frozen archway.
 30407 | IceCv    | Entered an ice cave
 30411 | IceCv    | Learned a level 2 spell: Swiftness
 30427 | IceCv    | XOM: summons friendly shadow imp
 30518 | IceCv    | XOM: potion effect (curing)
 30618 | IceCv    | XOM: blink monster(s)
 30753 | IceCv    | XOM: give mutations
 30753 | IceCv    | Lost mutation: You are very dopey. (Int -4) [Xom's grace]
 30753 | IceCv    | Gained mutation: Your spells are a little harder to cast, but a little more powerful. [Xom's grace]
 30753 | IceCv    | Gained mutation: You passively map a large area around you. [Xom's grace]
 30753 | IceCv    | Gained mutation: Your system is resistant to poisons. [Xom's grace]
 30906 | IceCv    | XOM: 3-stop teleportation journey
 30930 | IceCv    | XOM: polymorph ice devil -> soul eater
 31110 | IceCv    | Reached skill level 12 in Dodging
 31243 | IceCv    | XOM: fog
 31247 | IceCv    | HP: 23/125 [golden dragon simulacrum (13)]
 31479 | IceCv    | XOM: scenery: 1 doors open, 11 doors close
 31536 | IceCv    | XOM: swap monsters
 31537 | IceCv    | XOM: destruction
 31566 | IceCv    | XOM: cast spell 'Cause Fear'
 31595 | IceCv    | XOM: vitrification
 31707 | Shoals:5 | XOM: confuse monster(s)
 31892 | Shoals:5 | XOM: summons 4 friendly demons
 31914 | Shoals:5 | XOM: polymorph manticore -> manticore
 32093 | Shoals:5 | XOM: confuse monster(s)
 32209 | Shoals:5 | Noticed Ilsuiw
 32279 | Shoals:5 | Killed Ilsuiw
 32279 | Shoals:5 | Reached skill level 13 in Dodging
 32348 | Shoals:5 | XOM: summons friendly quasit
 32351 | Shoals:5 | XOM: god gift: 1630 gold pieces
 32358 | Shoals:5 | XOM: vitrification
 32358 | Shoals:5 | HP: 26/125 [merfolk/trident (15)]
 32369 | Shoals:5 | XOM: enchant monster (good)
 32547 | Shoals:5 | Mutation became permanent: You are completely covered in iridescent scales (AC +8). [demonic ancestry]
 32547 | Shoals:5 | Reached XP level 17. HP: 131/131 MP: 17/17
 32655 | Shoals:5 | XOM: enchant monster (good)
 32682 | Shoals:5 | HP: 26/131 [merfolk/tomahawk (15)]
 32690 | Shoals:5 | HP: 14/131 [merfolk aquamancer/great wave of water (22)]
 32691 | Shoals:5 | XOM: fake destruction
 32693 | Shoals:5 | Killed from afar by a merfolk aquamancer

Action                   |  1- 3 |  4- 6 |  7- 9 | 10-12 | 13-15 | 16-18 || total
-------------------------+-------+-------+-------+-------+-------+-------++-------
Melee: Unarmed           |   118 |       |   379 |   740 |  2377 |   818 ||  4432
       Falchion          |    13 |   108 |   121 |       |       |       ||   242
Throw: Tomahawk          |       |    10 |    20 |       |       |       ||    30
 Cast: Repel Missiles    |       |       |     1 |     1 |     2 |     6 ||    10
       Animate Dead      |       |       |       |       |     4 |    32 ||    36
       Blink             |       |       |       |       |       |     2 ||     2
Evoke: Deck              |       |       |     6 |       |     8 |       ||    14
       Wand              |       |       |     3 |     9 |    10 |     8 ||    30
       Sack of spiders   |       |       |       |    14 |     1 |       ||    15
       Lamp of fire      |       |       |       |       |     2 |     2 ||     4
  Use: Scroll            |       |    12 |    11 |     8 |    18 |     9 ||    58
       Potion            |       |     2 |     6 |    11 |     8 |    11 ||    38
 Stab: Sleeping          |     2 |       |     1 |       |       |       ||     3
       Distracted        |       |       |       |     1 |     5 |     2 ||     8
       Paralysed         |       |       |       |     9 |     2 |       ||    11
       Confused          |       |       |       |     2 |     6 |     5 ||    13
       Petrified         |       |       |       |       |     1 |       ||     1
       Invisible         |       |       |       |       |     8 |     8 ||    16
  Eat: Chunk             |     2 |     7 |     9 |     9 |    36 |    19 ||    82
       Beef jerky        |       |     1 |       |       |     3 |     3 ||     7
       Fruit             |       |       |     1 |     1 |     2 |       ||     4
       Bread ration      |       |       |     1 |     2 |       |       ||     3
       Pizza             |       |       |       |       |     2 |       ||     2
       Royal jelly       |       |       |       |       |       |     2 ||     2

Vault maps used:
D:1:      ncdulo_smallfort, hex_intersection
D:2:      first_bread, hangedman_glass_garden
D:3:      cheibriados_altar_1
D:4:      minmay_opposing_rooms, minmay_temple_entry_trees,
          uniq_crazy_yiuf_cottage
D:5:      nemelex_deck
D:7:      nicolae_overflow_quartered_altars
D:8:      xom_shifter_show, dpeg_oklobed_lair, hangedman_little_slice_of_home,
          uniq_erolcha, uniq_gastronok
D:9:      kennysheep_mini_moat, stair_cage_cross, minmay_unpleasant_kobolds
D:10:     orc_0_dummy
D:11:     hangedman_cross_stitches, enter_trove_5, uniq_maud
D:12:     serial_corexii_hall, corexii_hall_statues_u, corexii_hall_statues_l
D:13:     basic_altar, minmay_joined_circles, uniq_frances, uniq_josephine
D:14:     wad_woods_structure_01, erik_vaults_2, amethyst_killhole, minivault_12
D:15:     gammafunk_enter_depths_forms, tso_metal_star, uniq_rupert
Lair:1:   grunt_megastairs_3
Lair:2:   uniq_erica, uniq_harold
Lair:3:   elwin_shoals_entry_rocks, lemuel_fruit_fields
Lair:4:   minmay_snake_entry_guardpost_small, kennysheep_basilisk_garden,
          grunt_megastairs_2, infiniplex_staircase_pool_2
Lair:5:   grunt_megastairs_5
Lair:6:   dpeg_oklob_gauntlet, nicolae_volcano_entry_batcave, uniq_snorg
Lair:7:   minmay_slime_entry_oklob_enclosed, guppyfry_lair_drakes
Lair:8:   grunt_lair_end_beastmaster, lemuel_centaur_altar
Shoals:1: serial_shops, shop_fountains, st_cyclops
Shoals:2: uniq_louise, uniq_kirke, uniq_nikola
Shoals:5: portal_ice_cave_entry_ice_beasts, shoals_end_simple, shoal_ilsuiw
Orc:2:    serial_shops, shop
Orc:3:    nicolae_orc_pool_cavern
Orc:4:    st_orc_town, serial_shops, nicolae_shop_crystal
IceCv:    ice_cave_tombish
Volcano:  volcano_bunker

Table legend:
 A = Turns spent in this place as a percentage of turns spent in the entire game.
 B = Non-inter-level travel turns spent in this place as a percentage of non-inter-level travel turns spent in the entire game.
 C = Inter-level travel turns spent in this place as a percentage of turns spent in this place.
 D = Turns resting spent in this place as a percentage of non-inter-level travel turns spent in this place.
 E = Turns spent auto-exploring this place as a percentage of non-inter-level travel turns spent in this place.
 F = Non-inter-level travel turns spent in this place divided by the number of levels of this place that you've seen.
                   A       B       C       D       E      F
               +-------+-------+-------+-------+-------+----------------------
         Total | 100.0 | 100.0 |   0.4 |   1.1 |   5.6 | 472.4
       Dungeon |  39.6 |  39.6 |   0.5 |   0.8 |   8.4 | 423.7
          Lair |  32.2 |  32.2 |   0.4 |   1.4 |   4.1 | 646.4
        Shoals |  14.5 |  14.5 |   0.0 |   1.2 |   0.8 | 466.2
  Orcish Mines |   7.7 |   7.7 |   0.6 |   0.0 |  11.4 | 309.2
      Ice Cave |   4.5 |   4.5 |   0.0 |   3.9 |   0.0 | 721.0
       Volcano |   1.5 |   1.5 |   0.0 |   0.8 |   0.0 | 246.0
               +-------+-------+-------+-------+-------+----------------------

Table legend:
 A = Kills in this place as a percentage of kills in entire the game.
 B = Kills by you in this place as a percentage of kills by you in the entire game.
 C = Kills by friends in this place as a percentage of kills by friends in the entire game.
 D = Other kills in this place as a percentage of other kills in the entire game.
 E = Experience gained in this place as a percentage of experience gained in the entire game.
 F = Experience gained in this place divided by the number of levels of this place that you have seen.
                   A       B       C       D       E      F
               +-------+-------+-------+-------+-------+----------------------
         Total | 100.0 | 100.0 | 100.0 |  -nan | 100.0 | 6176.4
       Dungeon |  43.4 |  45.3 |  20.5 |  -nan |  35.8 | 5007.8
          Lair |  23.7 |  24.5 |  14.5 |  -nan |  27.4 | 7183.6
        Shoals |  10.3 |   7.2 |  48.2 |  -nan |  24.2 | 10169.2
  Orcish Mines |  19.2 |  19.5 |  15.7 |  -nan |   5.4 | 2822.0
      Ice Cave |   2.6 |   2.7 |   1.2 |  -nan |   6.0 | 12639.0
       Volcano |   0.8 |   0.9 |   0.0 |  -nan |   1.3 | 2637.0
               +-------+-------+-------+-------+-------+----------------------
